 Dungeon Crawl Stone Soup version 0.30-a0-629-gd54f4be4f7 (webtiles) character file.

Game seed: 12731803555229357867

21858 themarg the Martial Artist (level 12, -2/141 HPs)
             Began as a Gnoll Transmuter on Jan 12, 2023.
             Was an Initiate of Gozag.
             Slain by a very large slime creature (29 damage)
             ... on level 11 of the Dungeon.
             The game lasted 00:39:43 (14150 turns).

themarg the Martial Artist (Gnoll Transmuter)      Turns: 14150, Time: 00:39:43

Health: -2/141     AC: 26    Str: 10    XL:     12   Next: 94%
Magic:  25/25      EV:  2    Int: 22    God:    Gozag
Gold:   433        SH:  0    Dex: 14    Spells: 17/30 levels left

rFire   + . .      SeeInvis .      - Unarmed
rCold   + . .      Faith    .    (no shield)
rNeg    + . .      Spirit   .    (body armour currently unavailable)
rPois   +          Reflect  .    (helmet currently unavailable)
rElec   +          Harm     .    (cloak currently unavailable)
rCorr   +          Rampage  .    (gloves currently unavailable)
Will    .....      NoTele   +    (boots currently unavailable)
Stlth   ++++                     (no amulet)
HPRegen 0.43/turn                s - ring of positive energy
MPRegen 0.19/turn                D - +6 ring of intelligence

@: mighty, tree-form, resistant, wereblooded (expiring), gold aura
A: stationary, stasis, torment immunity, boosted hp, (fangs 1), strong nose,
distributed training
a: End Transformation, Renounce Religion, Potion Petition, Call Merchant, Bribe
Branch


You were on level 11 of the Dungeon.
You worshipped Gozag.
Gozag was aware of your devotion.
You were a tree.
You visited 2 branches of the dungeon, and saw 12 of its levels.
You also visited: Ossuary.

You collected 2229 gold pieces.
You paid 1796 gold pieces to Gozag.

Inventory:

Missiles
 f - 56 stones
 m - 19 boomerangs
 y - 21 poisoned darts
Armour
 a - a +0 robe (melded)
 J - the +18 Lear's hauberk
   (You found it on level 11 of the Dungeon)
 K - a -2 pair of boots (melded)
 L - a -2 helmet (melded)
Jewellery
 s - a ring of positive energy (left branch)
 D - a +6 ring of intelligence (right branch)
Wands
 B - a wand of charming (27)
 H - a wand of flame (8)
 M - a wand of mindburst (7)
Scrolls
 b - a scroll of butterflies {unknown}
 c - 3 scrolls of magic mapping
 d - 4 scrolls of vulnerability
 e - 3 scrolls of fog
 g - 9 scrolls of teleportation
 i - 2 scrolls of immolation
 j - a scroll of torment {unknown}
 t - 4 scrolls of poison
 u - 3 scrolls of blinking
 w - a scroll of noise {unknown}
 x - 3 scrolls of fear {unknown}
 z - 3 scrolls of enchant armour
 G - a scroll of amnesia {unknown}
 I - a scroll of enchant weapon {unknown}
 N - a scroll of identify
Potions
 h - a potion of flight
 k - 3 potions of curing
 l - 2 potions of attraction
 n - 2 potions of degeneration {unknown}
 o - 2 potions of invisibility
 p - 6 potions of might
 q - 2 potions of brilliance
 r - a potion of cancellation {unknown}
 v - a potion of resistance {unknown}
 A - a potion of magic {unknown}
 C - a potion of haste
 F - 2 potions of berserk rage
 O - 2 potions of mutation {unknown}


   Skills:
 + Level 8.5 Fighting
 + Level 8.0 Short Blades
 + Level 8.0 Long Blades
 + Level 8.0 Axes
 + Level 8.0 Maces & Flails
 + Level 8.0 Polearms
 + Level 8.0 Staves
 + Level 8.0 Ranged Weapons
 + Level 8.0 Throwing
 + Level 8.0 Armour
 + Level 9.3 Dodging
 + Level 8.0 Stealth
 + Level 8.0 Shields
 + Level 10.4 Unarmed Combat
 + Level 9.5 Spellcasting
 + Level 6.7 Conjurations
 + Level 6.7 Hexes
 + Level 6.7 Summonings
 + Level 6.7 Necromancy
 + Level 6.7 Translocations
 + Level 7.8 Transmutations
 + Level 6.7 Fire Magic
 + Level 6.7 Ice Magic
 + Level 6.7 Air Magic
 + Level 6.7 Earth Magic
 + Level 6.7 Poison Magic
 + Level 8.8 Invocations
 + Level 8.0 Evocations


You had 17 spell levels left.
You knew the following spells:

 Your Spells              Type           Power      Damage    Failure   Level
a - Beastly Appendage     Tmut           88%        N/A       1%          1
b - Wereblood             Tmut           44%        N/A       1%          2
c - Spider Form           Tmut/Pois      42%        N/A       1%          3
d - Ice Form              Ice/Tmut       42%        N/A       3%          4
e - Mephitic Cloud        Conj/Pois/Air  40%        N/A       1%          3

Your spell library contained the following spells:

 Spells                   Type           Power      Damage    Failure   Level
 Magic Dart               Conj           100%       1d8       1%          1
 Call Imp                 Summ           40%        N/A       1%          2
 Portal Projectile        Hex/Tloc       80%        N/A       1%          3
 Stone Arrow              Conj/Erth      80%        3d12      1%          3
 Tukima's Dance           Hex            40%        N/A       1%          3
 Animate Armour           Summ/Erth      80%        N/A       4%          4
 Passage of Golubria      Tloc           40%        N/A       4%          4
 Blade Hands              Tmut           22%        N/A       7%          5
 Yara's Violent Unravell  Hex/Tmut       21%        3d10      9%          5
 Lehudib's Crystal Spear  Conj/Erth      20%        10d6      100%        8


Dungeon Overview and Level Annotations

Branches:
Dungeon (11/15)            Temple (1/1) D:5            Lair (0/5) D:9
    Orc (0/2) D:9         Ossuary (visited)

Altars:
Ashenzari
Cheibriados
Dithmenos
Elyvilon
Fedhas
Gozag
Hepliaklqana
Kikubaaqudgha
Makhleb
Nemelex Xobeh
Okawaru
Qazlal
Ru
Sif Muna
Trog
Uskayaw
Vehumet
Wu Jian
Xom
Yredelemnul
Zin
The Shining One

Shops:
D:1 (   D:5 :   D:7 [

Annotations:
D:3 1 exclusion
D:7 2 transporters, exclusion: downstairs


Innate Abilities, Weirdness & Mutations

You are a tree.
Your roots penetrate the ground, keeping you stationary.
You cannot be teleported.
You are immune to unholy pain and torment.
Your maximum health is greatly increased.
Your equipment is partially melded.
((You have very sharp teeth.))
Your uncanny sense of smell can sniff out nearby items.
Your experience applies equally to all skills.


Message History

[b] - 425 gold - lignification, might and resistance [c] - 145 gold - heal wounds Purchase which effect?
You no longer have enough gold to fund merchants seeking to open stores in the dungeon.
You warm up again.
Your -2 helmet unmelds from your body.
Your -2 pair of boots unmelds from your body.
Your +0 robe unmelds from your body.
You turn into a tree.
Your -2 helmet melds into your body.
Your -2 pair of boots melds into your body.
Your +0 robe melds into your body.
Your roots penetrate the ground.
You feel very mighty all of a sudden.
You feel protected. The very large slime creature hits you!
You smack the very large slime creature!
The very large slime creature is moderately wounded.
The very large slime creature hits you!
You pummel the very large slime creature!!
The very large slime creature is moderately wounded.
The very large slime creature hits you.
You pummel the very large slime creature!!
The very large slime creature is heavily wounded.
You pummel the very large slime creature!!
The very large slime creature is severely wounded.
The very large slime creature hits you!!!
* * * LOW HITPOINT WARNING * * *
You feel much better.
The very large slime creature is distracted by your dazzling golden aura.
You catch the helpless very large slime creature completely off-guard!
You pummel the very large slime creature!!
The very large slime creature is no longer distracted by gold.
The very large slime creature is severely wounded.
The very large slime creature is distracted by your dazzling golden aura.
The very large slime creature quivers.
You pummel the very large slime creature!!
The very large slime creature is no longer distracted by gold.
The very large slime creature is almost dead.
Your primal bloodlust is almost over.
The very large slime creature hits you!!
You die...
Your body crumbles into a pile of gold.

.8...###.#####.#
#.###.#.#.###.# .....+∆#.#
#.## #.#.#$#.#.# #.#
.8.8.###.# #.#.###.#.#.###.#
#.
.........#####.##.#$#.#.#.#
#.# #
'.'##..........###.#.#.###.#
#.#
#.#[#.###......##.#$#$#.#
#.# #.# #.###.#
#.....>#.#$#.###.# #.# #.
#.# #.# #......##J#)#.# #.#
#.# # #+# #.#
#......#♣#)###.# #.# #.# #.#
######(.############# ## #.#
#.#).).......... #.#
+.#.#######.#### #.# ###.#
#.# #.# #.# ..#


You could see a very large slime creature.

Vanquished Creatures
  Erica (D:9)
  2 centaur warriors (D:11)
  A death knight (D:11)
  3 two-headed ogres (D:11)
  A tengu warrior (D:11)
  Amaemon (D:9)
  A cyclops (D:11)
  2 manticores (D:11)
  3 ugly things (D:11)
  An orange demon (D:9)
  2 gargoyles (D:11)
  An unseen horror (D:11)
  2 komodo dragons (D:9)
  A tengu conjurer (D:11)
  3 trolls
  A hornet (D:9)
  3 slime creatures (D:11)
  3 wyverns (D:9)
  17 yaks
  A shadow (D:9)
  2 wraiths
  The ghost of zazu2006 the Magician, an amateur NaHW of Vehumet (D:4)
  5 vampire mosquitoes
  4 steam dragons
  4 acid dragons
  2 water moccasins
  Duvessa (D:5)
  A black bear (D:5)
  5 orc warriors
  An ice beast (D:6)
  5 ogres
  14 centaurs
  3 phantoms
  4 kobold brigands
  An elf zombie (Ossuary)
  4 bullfrogs
  3 scorpions
  2 necrophages (D:6)
  8 wights
  Dowan (D:5)
  15 killer bees
  5 howler monkeys
  A human zombie (Ossuary)
  3 hounds
  A centaur zombie (Ossuary)
  2 jellies
  5 orc priests
  2 gnoll boudas
  An iguana (D:4)
  Terence (D:2)
  9 orc wizards
  3 hound zombies (Ossuary)
  3 mummies (Ossuary)
  10 gnolls
  13 adders
  4 shadow imps
  2 white imps
  5 adder zombies (Ossuary)
  2 worms (D:2)
  A dart slug (D:2)
  26 orcs
  8 ball pythons
  5 bats
  8 endoplasms
  3 giant cockroaches
  5 goblins
  8 hobgoblins
  2 quokkas (D:1)
  6 frilled lizards
  3 goblin zombies (Ossuary)
  2 hobgoblin zombies (Ossuary)
  3 jackal zombies (Ossuary)
  27 kobolds
  4 kobold zombies (Ossuary)
  3 orc zombies (Ossuary)
  3 quokka zombies (Ossuary)
  2 rats
  4 rat zombies (Ossuary)
331 creatures vanquished.

Vanquished Creatures (others)
  A mummy (D:4)
  4 plants (D:6)
5 creatures vanquished.

Grand Total: 336 creatures vanquished

Notes
Turn   | Place    | Note
-------+----------+-------------------------------------------
     0 | D:1      | themarg the Gnoll Transmuter began the quest for the Orb.
     0 | D:1      | Reached XP level 1. HP: 17/17 MP: 6/6
    13 | D:1      | Found Duymuf's Weapon Shop.
    91 | D:1      | Reached XP level 2. HP: 23/23 MP: 5/7
   397 | D:1      | Reached skill level 5 in Spellcasting
   397 | D:1      | Reached XP level 3. HP: 21/28 MP: 7/9
   672 | D:1      | Learned a level 2 spell: Wereblood
   676 | D:1      | Learned a level 3 spell: Spider Form
   768 | D:2      | Noticed Terence
   777 | D:2      | Killed Terence
   778 | D:2      | Reached skill level 1 in Short Blades
   778 | D:2      | Reached skill level 1 in Long Blades
   778 | D:2      | Reached skill level 1 in Axes
   778 | D:2      | Reached skill level 1 in Maces & Flails
   778 | D:2      | Reached skill level 1 in Polearms
   778 | D:2      | Reached skill level 1 in Staves
   778 | D:2      | Reached skill level 1 in Ranged Weapons
   778 | D:2      | Reached skill level 1 in Throwing
   778 | D:2      | Reached skill level 1 in Armour
   778 | D:2      | Reached skill level 1 in Stealth
   778 | D:2      | Reached skill level 1 in Shields
   778 | D:2      | Reached skill level 1 in Invocations
   778 | D:2      | Reached skill level 1 in Evocations
   875 | D:2      | Reached XP level 4. HP: 34/34 MP: 3/11
  1141 | D:2      | Reached skill level 1 in Conjurations
  1141 | D:2      | Reached skill level 1 in Hexes
  1141 | D:2      | Reached skill level 1 in Summonings
  1141 | D:2      | Reached skill level 1 in Necromancy
  1141 | D:2      | Reached skill level 1 in Translocations
  1141 | D:2      | Reached skill level 1 in Fire Magic
  1141 | D:2      | Reached skill level 1 in Ice Magic
  1141 | D:2      | Reached skill level 1 in Air Magic
  1141 | D:2      | Reached skill level 1 in Earth Magic
  1141 | D:2      | Reached skill level 1 in Poison Magic
  2018 | D:3      | Found a shimmering altar of Xom.
  2221 | D:3      | Reached XP level 5. HP: 40/40 MP: 5/12
  2997 | D:4      | Noticed an ogre
  3009 | D:4      | Killed an ogre
  3014 | D:4      | Reached XP level 6. HP: 41/47 MP: 10/13
  3067 | D:4      | Reached skill level 5 in Dodging
  3258 | D:4      | Reached XP level 7. HP: 32/52 MP: 8/15
  3341 | D:4      | Reached skill level 7 in Unarmed Combat
  3469 | D:4      | Found a sand-covered staircase.
  3482 | Ossuary  | Entered an ossuary
  4053 | D:4      | Found a large runed translucent door.
  4053 | D:4      | Found a large runed translucent door.
  4056 | D:4      | Noticed zazu2006's ghost (amateur NaHW)
  4282 | D:4      | Reached XP level 8. HP: 23/60 MP: 12/16
  5078 | D:4      | Learned a level 4 spell: Ice Form
  5082 | D:4      | Learned a level 3 spell: Mephitic Cloud
  5093 | D:4      | Killed zazu2006's ghost
  5161 | D:5      | Entered Level 5 of the Dungeon
  5376 | D:5      | Found Tynemur's Vocational Training.
  5627 | D:5      | Found a staircase to the Ecumenical Temple.
  5636 | Temple   | Entered the Ecumenical Temple
  5780 | Temple   | Became a worshipper of Gozag Ym Sagoz the Greedy
  5967 | D:5      | Noticed Duvessa
  5968 | D:5      | Noticed Dowan
  5975 | D:5      | Killed Duvessa
  5976 | D:5      | Reached skill level 5 in Transmutations
  5982 | D:5      | Killed Dowan
  6038 | D:5      | Reached XP level 9. HP: 39/66 MP: 15/18
  6459 | D:5      | Found a hazy altar of Hepliaklqana.
  6791 | D:6      | Found a hide-covered altar of Uskayaw.
  6814 | D:6      | Reached skill level 5 in Fighting
  6939 | D:6      | Reached skill level 8 in Unarmed Combat
  7199 | D:6      | Reached skill level 5 in Invocations
  7821 | D:7      | Found Ufoym's Antique Armour Shop.
  8182 | D:7      | Noticed a troll
  8187 | D:7      | Found a stormy altar of Qazlal.
  8188 | D:7      | Found a transporter.
  8188 | D:7      | Found a burning altar of Makhleb.
  8188 | D:7      | Noticed a troll
  8189 | D:7      | Found an ancient bone altar of Kikubaaqudgha.
  8190 | D:7      | Noticed a troll
  8197 | D:7      | Found a transporter.
  8571 | D:8      | Reached skill level 5 in Short Blades
  8571 | D:8      | Reached skill level 5 in Long Blades
  8571 | D:8      | Reached skill level 5 in Axes
  8571 | D:8      | Reached skill level 5 in Maces & Flails
  8571 | D:8      | Reached skill level 5 in Polearms
  8571 | D:8      | Reached skill level 5 in Staves
  8571 | D:8      | Reached skill level 5 in Ranged Weapons
  8571 | D:8      | Reached skill level 5 in Throwing
  8571 | D:8      | Reached skill level 5 in Armour
  8571 | D:8      | Reached skill level 5 in Stealth
  8571 | D:8      | Reached skill level 5 in Shields
  8571 | D:8      | Reached skill level 5 in Evocations
  8571 | D:8      | Reached XP level 10. HP: 68/76 MP: 15/20
 10067 | D:9      | Noticed Amaemon
 10067 | D:9      | Noticed an orange demon
 10101 | D:9      | Killed Amaemon
 10108 | D:9      | Killed an orange demon
 10242 | D:9      | Found a staircase to the Lair.
 10373 | D:9      | Reached skill level 9 in Unarmed Combat
 10379 | D:9      | Reached skill level 5 in Conjurations
 10379 | D:9      | Reached skill level 5 in Hexes
 10379 | D:9      | Reached skill level 5 in Summonings
 10379 | D:9      | Reached skill level 5 in Necromancy
 10379 | D:9      | Reached skill level 5 in Translocations
 10379 | D:9      | Reached skill level 5 in Fire Magic
 10379 | D:9      | Reached skill level 5 in Ice Magic
 10379 | D:9      | Reached skill level 5 in Air Magic
 10379 | D:9      | Reached skill level 5 in Earth Magic
 10379 | D:9      | Reached skill level 5 in Poison Magic
 10450 | D:9      | Reached XP level 11. HP: 66/83 MP: 19/22
 10634 | D:9      | Found a staircase to the Orcish Mines.
 10779 | D:9      | Noticed Erica
 10793 | D:9      | Killed Erica
 11327 | D:10     | Entered Level 10 of the Dungeon
 11372 | D:10     | Found a sacrificial altar of Ru.
 12507 | D:11     | Noticed a green ugly thing
 12514 | D:11     | Killed a green ugly thing
 12596 | D:11     | Noticed a centaur warrior
 12599 | D:11     | Noticed a manticore
 12624 | D:11     | Killed a manticore
 12642 | D:11     | Killed a centaur warrior
 12643 | D:11     | Reached XP level 12. HP: 9/91 MP: 5/24
 13081 | D:11     | Noticed a tengu warrior
 13092 | D:11     | Killed a tengu warrior
 13095 | D:11     | Found the +18 Lear's hauberk
 13358 | D:11     | Noticed a centaur warrior
 13371 | D:11     | Reached skill level 10 in Unarmed Combat
 13375 | D:11     | Killed a centaur warrior
 13385 | D:11     | Noticed a two-headed ogre
 13402 | D:11     | Noticed a two-headed ogre
 13421 | D:11     | Killed a two-headed ogre
 13427 | D:11     | Killed a two-headed ogre
 13562 | D:11     | Noticed a boulder beetle
 13563 | D:11     | Noticed a two-headed ogre
 13879 | D:11     | Noticed a death knight
 13888 | D:11     | Killed a death knight
 13919 | D:11     | Killed a two-headed ogre
 14150 | D:11     | Slain by a very large slime creature

Illustrated notes

Levels and vault maps discovered:
D:1:      tarquinn_simple_flora_water_f, layout_rooms, serial_shops,
          nicolae_shop_statue_plus, serial_forest, infiniplex_forest_end_1,
          infiniplex_forest_clump_curved, infiniplex_forest_end_1,
          infiniplex_forest_clump_tiny, infiniplex_forest_lined_2,
          infiniplex_forest_clump_diagonal
D:2:      layout_loops_ring, serial_forest, infiniplex_forest_clump_double,
          infiniplex_forest_clump_C, infiniplex_forest_straight_1,
          infiniplex_forest_lined_ring, infiniplex_forest_straight_2,
          infiniplex_forest_clump_small, infiniplex_forest_lined_room_3,
          uniq_terence
D:3:      layout_basic, mainiacjoe_overflow_small_starburst, lemuel_flame_loot_1
D:4:      cheibrodos_thug_alley, layout_layer_cave, gup_ossuary_entry_pyramid,
          ebering_ghost_disaster_area
D:5:      layout_loops_corners, nicolae_hepliaklqana_hippocampus,
          minmay_temple_entry_antechambers, corexii_corridor_pit,
          nicolae_shop_vocational, uniq_duvessa
D:6:      layout_basic, mainiacjoe_overflow_chevrons
D:7:      layout_loops_ring, gammafunk_temple_overflow_arena, serial_shops,
          nicolae_shop_overgrown_old_shop
D:8:      layout_loops_corners
D:9:      layout_rooms, erik_lair_dragon, orc_0_dummy, uniq_erica, uniq_amaemon
D:10:     layout_rooms, old_standard_altar
D:11:     minmay_imperfect_grid, layout_basic, serial_shops,
          kennysheep_mini_moat, hellmonk_guarded_unrand_lears
Temple:   nicolae_temple_superstar

Skill      XL: |  1  2  3  4  5  6  7  8  9 10 11 12 |
---------------+-------------------------------------+-----
Spellcasting   | 5 6 7 8 9 |  9.5
Short Blades   | 1 2 3 5 6 7 8 |  8.0
Long Blades    | 1 2 3 5 6 7 8 |  8.0
Axes           | 1 2 3 5 6 7 8 |  8.0
Maces & Flails | 1 2 3 5 6 7 8 |  8.0
Polearms       | 1 2 3 5 6 7 8 |  8.0
Staves         | 1 2 3 5 6 7 8 |  8.0
Ranged Weapons | 1 2 3 5 6 7 8 |  8.0
Throwing       | 1 2 3 5 6 7 8 |  8.0
Armour         | 1 2 3 5 6 7 8 |  8.0
Stealth        | 1 2 3 5 6 7 8 |  8.0
Shields        | 1 2 3 5 6 7 8 |  8.0
Invocations    | 1 2 3 4 5 6 7 8 |  8.8
Evocations     | 1 2 3 5 6 7 8 |  8.0
Conjurations   | 1 2 3 4 5 6 |  6.7
Hexes          | 1 2 3 4 5 6 |  6.7
Summonings     | 1 2 3 4 5 6 |  6.7
Necromancy     | 1 2 3 4 5 6 |  6.7
Translocations | 1 2 3 4 5 6 |  6.7
Fire Magic     | 1 2 3 4 5 6 |  6.7
Ice Magic      | 1 2 3 4 5 6 |  6.7
Air Magic      | 1 2 3 4 5 6 |  6.7
Earth Magic    | 1 2 3 4 5 6 |  6.7
Poison Magic   | 1 2 3 4 5 6 |  6.7
Fighting       | 3 4 5 6 7 8 |  8.5
Transmutations | 4 5 6 7 |  7.8
Dodging        | 5 6 7 8 9 |  9.3
Unarmed Combat | 7 8 9 10 | 10.4

Action                   |  1- 3 |  4- 6 |  7- 9 | 10-12 || total
-------------------------+-------+-------+-------+-------++-------
Melee: Unarmed           |    50 |   118 |   341 |   468 ||   977
       Kick              |     7 |       |       |       ||     7
       Bite              |     1 |     1 |     1 |       ||     3
       Headbutt          |     2 |       |       |       ||     2
       Punch             |     1 |     1 |       |       ||     2
 Cast: Beastly Appendage |    15 |       |       |       ||    15
       Spider Form       |     2 |    23 |    38 |     3 ||    66
       Wereblood         |       |     1 |     5 |    12 ||    18
       Ice Form          |       |       |    14 |    35 ||    49
       Mephitic Cloud    |       |       |     4 |    32 ||    36
Invok: Potion Petition   |       |       |       |     3 ||     3
Evoke: Wand              |       |       |       |     6 ||     6
  Use: Scroll            |       |     5 |     8 |     5 ||    18
       Potion            |       |     1 |     3 |     3 ||     7
 Stab: Sleeping          |       |     1 |     3 |     1 ||     5
       Confused          |       |       |     2 |    15 ||    17
       Distracted        |       |       |       |     4 ||     4
Armor: Robe              |     4 |       |       |       ||     4
       Skin              |       |     8 |    38 |   117 ||   163
Dodge: Dodged            |    28 |   106 |   286 |   239 ||   659

Table legend: (Time is in decaauts)
 A = Elapsed time spent in this place.
 B = Non-inter-level travel time spent in this place.
 C = Inter-level travel time spent in this place.
 D = Time resting spent in this place.
 E = Time spent auto-exploring this place.
 F = Levels seen in this place.
 G = Mean time per level.
                   A        B        C        D        E       F      G
               +--------+--------+--------+--------+--------+-----+--------+
         Total |  14010 |  13626 |    384 |   1547 |   9335 |  13 | 1077.7 |
       Dungeon |  13454 |  13096 |    358 |   1475 |   9200 |  11 | 1223.1 |
        Temple |    151 |    125 |     26 |      0 |    100 |   1 |  151.0 |
       Ossuary |    404 |    404 |      0 |     72 |     35 |   1 |  404.0 |
               +--------+--------+--------+--------+--------+-----+--------+

Top non-repeatable levels by time:
     D:9: 1943 daAuts
     D:4: 1740 daAuts
    D:11: 1621 daAuts
     D:5: 1385 daAuts
     D:8: 1295 daAuts
     D:2: 1155 daAuts
     D:3: 1063 daAuts
     D:6: 966 daAuts
     D:7: 865 daAuts
     D:1: 758 daAuts
    D:10: 659 daAuts
 Ossuary: 404 daAuts
  Temple: 151 daAuts
